 Dungeon Crawl Stone Soup version 0.19.0-11-g3fc08b3 (webtiles) character file.

202 JeffiDaFish the Shield-Bearer (level 5, 0/32 HPs)
             Began as a Gargoyle Fighter on Nov 10, 2016.
             Slain by a leopard gecko (1 damage)
             ... on level 3 of the Dungeon.
             The game lasted 00:08:01 (2522 turns).

JeffiDaFish the Shield-Bearer (Gargoyle Fighter)    Turns: 2522, Time: 00:08:02

Health: 0/32       AC: 13    Str: 26    XL:     5   Next: 80%
Magic:  5/5        EV:  8    Int:  8    God:
Gold:   96         SH: 10    Dex:  9    Spells: 0 memorised, 4 levels left

rFire  . . .     SeeInvis .     a - +0 flail
rCold  . . .     Gourm    .     b - +0 scale mail
rNeg   + . .     Faith    .     c - +0 shield
rPois  ∞         Spirit   .     g - +0 helmet
rElec  +         Reflect  .     (no cloak)
rCorr  .         Harm     .     e - +0 pair of gloves
MR     .....                    (no boots)
Stlth  ..........               (no amulet)
                                (no ring)
                                (no ring)

@: mighty
A: negative energy resistance 1, electricity resistance, unbreathing,
petrification resistance, rot immunity, AC +4
a: no special abilities


You were on level 3 of the Dungeon.
You were not hungry.

You visited 1 branch of the dungeon, and saw 3 of its levels.

You collected 96 gold pieces.

Inventory:

Hand Weapons
 a - a +0 flail (weapon)
Armour
 b - a +0 scale mail (worn)
 c - a +0 shield (worn)
 e - a +0 pair of gloves (worn)
 g - a +0 helmet (worn)
Scrolls
 j - a scroll of amnesia
Comestibles
 f - 2 bread rations
 h - 3 chunks of flesh
 i - a meat ration


   Skills:
 + Level 3.6 Fighting
 + Level 3.7 Maces & Flails
 + Level 4.1 Armour
 + Level 1.1 Dodging
 + Level 4.6 Shields


You had 4 spell levels left.
You didn't know any spells.

Dungeon Overview and Level Annotations

Branches:
Dungeon (3/15)

Altars:
Okawaru


Innate Abilities, Weirdness & Mutations

You are resistant to torment.
Your stone body is resilient. (AC +4)
You are immune to poison.
You resist negative energy. (rN+)
You are resistant to electric shocks. (rElec)
You can survive without breathing.
You are immune to petrification.
You are immune to rotting.


Message History

The leopard gecko hisses angrily.
Things that are here:
a whip; an orc corpse
Things that are here:
a whip; an orc corpse The leopard gecko bites you.
* * * LOW HITPOINT WARNING * * *
Your shield and scale mail prevent you from hitting the leopard gecko.
The leopard gecko bites you but does no damage.
Some of the chunks of flesh in your inventory have rotted away.
You miss the leopard gecko. The leopard gecko bites you.
* * * LOW HITPOINT WARNING * * *
You block the leopard gecko's attack.
You barely miss the leopard gecko. The leopard gecko closely misses you.
The leopard gecko hisses menacingly.
The leopard gecko bites you but does no damage.
You hit the leopard gecko.
The leopard gecko is almost dead.
The leopard gecko bites you.
You die...

#..............# #
#############.###.########.#
# ......#.......# #.# #
###.....#####.# #<#
###.###.# ##. #.# ....# #.#
#..###)##### ###.###[#
#....#.....# #.....#
#>.)####!#
#####.######...#@[##
..<...........###l.#
.###...#####.......#
.....#...# #.#..)#.#
.###...#.# #.........
......##.# #...........
.###### # #.....(.####.# .#
........## . ##### ........


You could see a leopard gecko.

Vanquished Creatures
  An orc wizard (D:3)
  A gnoll (D:1)
  9 adders
  An ooze (D:2)
  4 worms
  A dart slug (D:1)
  3 leopard geckos
  4 orcs (D:3)
  7 ball pythons (D:2)
  4 bats
  2 giant cockroaches (D:2)
  2 hobgoblins
  8 jackals
  10 kobolds
  3 frilled lizards
  6 goblins
  4 rats (D:2)
  2 bushes (D:1)
  A plant (D:1)
73 creatures vanquished.

Notes
Turn   | Place    | Note
-------+----------+-------------------------------------------
     0 | D:1      | JeffiDaFish the Gargoyle Fighter began the quest for the Orb.
     0 | D:1      | Reached XP level 1. HP: 14/14 MP: 1/1
   274 | D:1      | Reached XP level 2. HP: 16/19 MP: 2/2
   651 | D:1      | Reached XP level 3. HP: 19/23 MP: 3/3
  1676 | D:2      | Found an iron altar of Okawaru.
  1708 | D:2      | Reached XP level 4. HP: 28/28 MP: 4/4
  2006 | D:2      | Reached XP level 5. HP: 32/32 MP: 5/5
  2502 | D:3      | Reached skill level 1 in Dodging
  2520 | D:3      | HP: 1/32 [leopard gecko (2)]
  2522 | D:3      | Slain by a leopard gecko

Skill      XL: |  1  2  3  4  5 |
---------------+----------------+-----
Shields        | 4 |  4.6
Maces & Flails | 3 |  3.7
Armour         | 4 |  4.1
Dodging        | 1 |  1.1
Fighting       | |  3.6

Action                   |  1- 3 |  4- 6 || total
-------------------------+-------+-------++-------
Melee: Flail             |   338 |   198 ||   536
  Use: Potion            |     2 |     4 ||     6
       Scroll            |     4 |     1 ||     5
  Eat: Chunk             |     1 |     1 ||     2
       Bread ration      |     1 |       ||     1
Armor: Scale mail        |   127 |   178 ||   305
Dodge: Dodged            |    69 |    92 ||   161
Block: Shield            |   101 |   146 ||   247
